 Dungeon Crawl Stone Soup version 0.21.1-1-g345015f (webtiles) character file.

35 TinyReaver the Stinger (level 3, -1/26 HPs)
             Began as a Merfolk Venom Mage on May 29, 2018.
             Slain by an adder (3 damage)
             ... on level 2 of the Dungeon.
             The game lasted 00:04:08 (1246 turns).

TinyReaver the Stinger (Merfolk Venom Mage)         Turns: 1246, Time: 00:04:12

Health: -1/26      AC:  2    Str: 13    XL:     3   Next: 35%
Magic:  0/6        EV: 13    Int: 15    God:
Gold:   19         SH:  0    Dex: 14    Spells: 5/6 levels left

rFire    . . .     SeeInvis .   j - +0 spear
rCold    . . .     Gourm    .   (no shield)
rNeg     . . .     Faith    .   a - +0 robe
rPois    .         Spirit   .   (no helmet)
rElec    .         Reflect  .   (no cloak)
rCorr    .         Harm     .   (no gloves)
MR       .....                  (no boots)
Stlth    ++........             (no amulet)
HPRegen  0.08/turn              d - ring of flight
MPRegen  0.10/turn              (no ring)

@: mighty, lethally poisoned (-1 -> -16), very slightly contaminated
A: change form in water, swift swim, stealthy swim
a: Evoke Flight


You were on level 2 of the Dungeon.
You were not hungry.

You visited 1 branch of the dungeon, and saw 2 of its levels.

You collected 19 gold pieces.

Inventory:

Hand Weapons
 j - a +0 spear (weapon)
Armour
 a - a +0 robe (worn)
Jewellery
 d - a ring of flight (left hand)
Scrolls
 h - a scroll of magic mapping {unknown}
 i - 2 scrolls of identify {unknown}
Potions
 e - a potion of might
Books
 b - a Young Poisoner's Handbook

   Spells                             Type                      Level
   a - Sting                          Conjuration/Poison           1
   b - Poisonous Vapours              Poison/Air                   2
   c - Mephitic Cloud                 Conjuration/Poison/Air       3
   d - Olgreb's Toxic Radiance        Poison                       4
   e - Venom Bolt                     Conjuration/Poison           5
Comestibles
 c - 2 rations
 g - 2 chunks of flesh


   Skills:
 + Level 1.0 Fighting
 + Level 3.1 Dodging
 - Level 2.1 Stealth
 + Level 2.2 Spellcasting
 + Level 1.2 Conjurations
 + Level 3.8 Poison Magic


You had 5 spell levels left.
You knew the following spells:

 Your Spells              Type           Power        Failure   Level  Hunger
a - Sting                 Conj/Pois      #...         8%          1    #......


Dungeon Overview and Level Annotations

Branches:
Dungeon (1/15)

Altars:
Okawaru


Message History

You miss the adder.
The adder is moderately wounded.
You feel sick. The adder bites you.
You are more poisoned.
The adder poisons you!
You closely miss the adder.
The adder is moderately wounded.
You feel sick. The adder barely misses you. The adder closely misses you.
* * * LOW HITPOINT WARNING * * *
You feel sick.
* * * LOW HITPOINT WARNING * * *
You feel sick.
It was a potion of might.
You feel very mighty all of a sudden.
* * * LOW HITPOINT WARNING * * *
You feel sick. The adder bites you.
* * * LOW HITPOINT WARNING * * *
You are more poisoned.
The adder poisons you! The adder bites you.
You die...

#...........#.# .
#....##.....####
#......##..... #......##
#.. ##...##..####.#
##.....#........
##........รท...... .##
####.[..............
....$##.S@..............[.
....$....%................
...#.....................#
.....#####)..............#
...# ...............## ..
#.##.....#.....## > ..
)...######### .#. ...# #.
.#..


You could see an adder.

Vanquished Creatures
  A gnoll (D:1)
  An ooze (D:1)
  A dart slug (D:1)
  A leopard gecko (D:2)
  A giant cockroach (D:1)
  5 goblins
  3 hobgoblins
  A ball python (D:2)
  2 bats (D:1)
  A frilled lizard (D:1)
  A kobold (D:1)
  2 rats (D:1)
20 creatures vanquished.

Notes
Turn   | Place    | Note
-------+----------+-------------------------------------------
     0 | D:1      | TinyReaver the Merfolk Venom Mage began the quest for the Orb.
     0 | D:1      | Reached XP level 1. HP: 13/13 MP: 3/3
   152 | D:1      | Reached XP level 2. HP: 4/19 MP: 1/5
   417 | D:1      | Reached skill level 1 in Conjurations
   572 | D:1      | Reached XP level 3. HP: 6/25 MP: 0/6
   823 | D:1      | Reached skill level 1 in Fighting
   962 | D:1      | You fall through a shaft!
  1148 | D:2      | Found an iron altar of Okawaru.
  1246 | D:2      | Slain by an adder

Skill      XL: |  1  2  3 |
---------------+----------+-----
Conjurations   | 1 |  1.2
Dodging        | 3 |  3.1
Fighting       | 1 |  1.0
Stealth        | |  2.1
Spellcasting   | |  2.2
Poison Magic   | |  3.8

Action                   || total
-------------------------++-------
Melee: Club              ||    13
       Dagger            ||    29
       Spear             ||     9
 Cast: Sting             ||    36
  Use: Potion            ||     1
  Eat: Chunk             ||     2
Armor: Robe              ||    17
Dodge: Dodged            ||    55
